 Dungeon Crawl Stone Soup version 0.17.1-3-g152610e (webtiles) character file.

1925 theElss the Thaumaturge (level 8, -16/46 HPs)
             Began as a Deep Elf Conjurer on Mar 22, 2016.
             Was a Follower of Vehumet.
             Demolished by Shufflesack's ghost (18 damage)
             ... on level 7 of the Dungeon.
             The game lasted 00:31:42 (7837 turns).

theElss the Thaumaturge (Deep Elf Conjurer)         Turns: 7837, Time: 00:31:42

Health: -16/46     AC:  5    Str:  5    XL:     8   Next: 96%
Magic:  17/25      EV:  8    Int: 23    God:    Vehumet [*.....]
Gold:   315        SH:  0    Dex: 15    Spells: 4 memorised, 17 levels left

rFire  . . .     SeeInvis .     (no weapon)
rCold  . . .     Clarity  .     a - +0 robe
rNeg   . . .     SustAt   .     (no shield)
rPois  .         Gourm    .     (no helmet)
rElec  .         Spirit   .     d - +0 cloak
rCorr  .         Warding  .     (no gloves)
rMut   .         Stasis   +     l - +1 pair of boots
MR     .....                    e - amulet of stasis
Stlth  ++........               (no ring)
                                (no ring)

@: not resistant to hostile enchantments, unstealthy
A: no striking features
a: Renounce Religion


You were on level 7 of the Dungeon.
You worshipped Vehumet.
Vehumet was aware of your devotion.
You were not hungry.

You visited 1 branch of the dungeon, and saw 7 of its levels.

You collected 315 gold pieces.

Inventory:

Armour
 a - a +0 robe (worn)
 d - a +0 cloak (worn)
 l - a +1 pair of boots (worn)
Jewellery
 e - an amulet of stasis (around neck)
 i - an uncursed ring of flight {unknown}
 G - an uncursed ring of stealth {unknown}
Wands
 D - a wand of fire (10)
 J - a wand of teleportation (0)
Scrolls
 h - 3 scrolls of amnesia {unknown}
 m - 4 scrolls of identify
 p - 5 scrolls of recharging
 r - 2 scrolls of immolation {unknown}
 u - a scroll of blinking {unknown}
 v - a scroll of teleportation {unknown}
 w - a scroll of fear {unknown}
 y - a scroll of noise {unknown}
 z - a scroll of remove curse {unknown}
 F - 3 scrolls of acquirement {unknown}
 I - a scroll of random uselessness {unknown}
Potions
 f - 3 potions of cure mutation {unknown}
 k - 2 potions of haste {unknown}
 o - 2 potions of magic {unknown}
 q - 2 potions of curing {unknown}
 t - 2 potions of mutation {unknown}
 x - a potion of experience {unknown}
 A - 2 potions of brilliance
 B - 2 potions of flight {unknown}
 C - a potion of heal wounds {unknown}
 H - a potion of might {unknown}
Books
 b - a book of Conjurations

   Spells                             Type                      Level
   a - Magic Dart                     Conjuration                  1
   b - Searing Ray                    Conjuration                  2
   c - Dazzling Spray                 Conjuration/Hexes            3
   d - Fulminant Prism                Conjuration/Hexes            4
   e - Iskenderun's Mystic Blast      Conjuration                  4
   f - Iskenderun's Battlesphere      Conjuration/Charms           5
 n - a book of Minor Magic

   Spells                             Type                      Level
   a - Magic Dart                     Conjuration                  1
   b - Blink                          Translocation                2
   c - Call Imp                       Summoning                    2
   d - Repel Missiles                 Charms/Air                   2
   e - Slow                           Hexes                        2
   f - Conjure Flame                  Conjuration/Fire             3
   g - Mephitic Cloud                 Conjuration/Poison/Air       3
Comestibles
 c - 4 bread rations
 g - 4 beef jerkies
 j - a slice of pizza
 s - 2 meat rations
 E - 6 fruits
 K - 3 chunks of flesh


   Skills:
 * Level 3.5 Fighting
 - Level 2.4 Dodging
 - Level 2.5 Stealth
 * Level 11.2 Spellcasting
 + Level 8.4 Conjurations
 + Level 0.4 Charms


You had 17 spell levels left.
You knew the following spells:

 Your Spells              Type           Power        Failure   Level  Hunger
a - Magic Dart            Conj           ####         1%          1    None
b - Iskenderun's Battles  Conj/Chrm      ####....     24%         5    ####...
c - Searing Ray           Conj           ######       1%          2    None
d - Iskenderun's Mystic   Conj           ######..     1%          4    None


Dungeon Overview and Level Annotations

Branches:
Dungeon (7/15)
 Temple: D:4-7

Altars:
Ashenzari
Cheibriados
Dithmenos
Gozag
Nemelex Xobeh
Okawaru
Ru
Trog
Vehumet

Shops:
D:6 *   D:7 (

Annotations:
D:4 Hoebsumo's ghost, amateur MiBe
D:7 Pikel; Shufflesack's ghost, novice MiGl


Message History

Press: ? - help, Shift-Dir - straight line, f - Shufflesack's ghost
Aim: Shufflesack's ghost, wielding a weapon of electrocution The searing ray hits Shufflesack's ghost.
Shufflesack's ghost says very slowly, "There's no hope."
Shufflesack's ghost closely misses you.
The searing ray hits Shufflesack's ghost.
Shufflesack's ghost is lightly damaged.
Your battlesphere fires!
The barrage of energy hits Shufflesack's ghost.
Shufflesack's ghost is moderately damaged.
Shufflesack's ghost hits you!
You are electrocuted!
The searing ray hits Shufflesack's ghost.
Shufflesack's ghost is moderately damaged.
Your battlesphere fires!
The barrage of energy hits Shufflesack's ghost.
Shufflesack's ghost is heavily damaged.
Shufflesack's ghost hits you!!
* * * LOW HITPOINT WARNING * * *
Shufflesack's ghost hits you!!
You die...

#..# #.# #.###.#
#..#####.###.###(#
..........##>....###########
#..##......................#
#≈≈≈#.##########.###.......#
≈≈≈≈≈.# #*# #..!....#
≈≈∩...# ##.# #.......#
≈≈≈≈≈## ######..###.......#
.≈≈≈## #......@W.........#
.#### #.####.####.......# .
#.#####.###### . #........#
#######..# #..# #..# #..#
....


You could see Shufflesack's ghost.

Vanquished Creatures
  The ghost of emiel the Covert, an amateur SpEn (D:3)
  A hippogriff (D:7)
  The ghost of theElss the Conjurer, an amateur DECj (D:5)
  Duvessa (D:6)
  2 phantoms
  An orc warrior (D:6)
  A sky beast (D:6)
  2 ice beasts (D:5)
  A slave (D:6)
  A giant frog (D:6)
  Dowan (D:6)
  A scorpion (D:6)
  2 crimson imps
  4 orc wizards
  3 orc priests (D:6)
  A giant frog skeleton (D:5)
  4 worker ants
  A worker ant zombie (D:6)
  10 adders
  10 gnolls
  2 shadow imps
  An ooze (D:2)
  An adder skeleton (D:6)
  2 worms
  18 orcs
  7 bats
  5 hobgoblins
  23 jackals
  8 kobolds
  3 quokkas
  A ball python (D:4)
  A giant gecko (D:3)
  5 giant newts
  10 goblins
  A quokka zombie (D:7)
  4 rats
141 creatures vanquished.

Vanquished Creatures (others)
  A plant (D:3)
1 creature vanquished.

Grand Total: 142 creatures vanquished

Notes
Turn   | Place    | Note
--------------------------------------------------------------
     0 | D:1      | theElss the Deep Elf Conjurer began the quest for the Orb.
     0 | D:1      | Reached XP level 1. HP: 10/10 MP: 6/6
   229 | D:1      | Found a sparkling altar of Nemelex Xobeh.
   258 | D:1      | Reached XP level 2. HP: 12/15 MP: 4/8
   270 | D:1      | Learned a level 2 spell: Searing Ray
   809 | D:1      | Reached skill level 5 in Conjurations
  1028 | D:1      | Noticed an ogre
  1213 | D:2      | Reached XP level 3. HP: 20/20 MP: 5/9
  1451 | D:2      | Reached skill level 1 in Fighting
  1648 | D:2      | Found a faded altar to an unknown god.
  1668 | D:2      | Reached XP level 4. HP: 25/25 MP: 9/11
  1674 | D:2      | Learned a level 4 spell: Iskenderun's Mystic Blast
  2278 | D:3      | Noticed emiel's ghost (amateur SpEn)
  2323 | D:3      | Killed emiel's ghost
  2323 | D:3      | Reached skill level 5 in Spellcasting
  2323 | D:3      | Reached skill level 6 in Conjurations
  2323 | D:3      | Reached XP level 5. HP: 24/30 MP: 5/14
  2387 | D:3      | Learned a level 5 spell: Iskenderun's Battlesphere
  2550 | D:3      | Reached XP level 6. HP: 18/35 MP: 6/16
  2936 | D:3      | Found a shadowy altar of Dithmenos.
  3630 | D:4      | Reached skill level 7 in Spellcasting
  3925 | D:4      | Noticed Hoebsumo's ghost (amateur MiBe)
  3949 | D:5      | Entered Level 5 of the Dungeon
  4201 | D:5      | Reached XP level 7. HP: 40/40 MP: 17/19
  5045 | D:5      | Noticed theElss's ghost (amateur DECj)
  5053 | D:5      | Killed theElss's ghost
  5053 | D:5      | Reached skill level 8 in Spellcasting
  5134 | D:5      | Found a sparkling altar of Nemelex Xobeh.
  5134 | D:5      | Found a sacrificial altar of Ru.
  5136 | D:5      | Found a radiant altar of Vehumet.
  5136 | D:5      | Found an opulent altar of Gozag.
  5136 | D:5      | Found a bloodstained altar of Trog.
  5136 | D:5      | Found a snail-covered altar of Cheibriados.
  5137 | D:5      | Found an iron altar of Okawaru.
  5152 | D:5      | Became a worshipper of Vehumet
  5751 | D:6      | Noticed Duvessa
  5751 | D:6      | Noticed Dowan
  5780 | D:6      | Killed Duvessa
  5780 | D:6      | Reached skill level 9 in Spellcasting
  5780 | D:6      | Reached XP level 8. HP: 40/45 MP: 16/23
  5799 | D:6      | Killed Dowan
  6277 | D:6      | Found a shattered altar of Ashenzari.
  6411 | D:6      | Reached skill level 10 in Spellcasting
  6578 | D:6      | Found Doadghed's Elemental Accessories.
  6811 | D:7      | Noticed Shufflesack's ghost (novice MiGl)
  6838 | D:7      | HP: 2/46 [Shufflesack's ghost (14)]
  7148 | D:7      | Noticed Pikel
  7641 | D:7      | Reached * piety under Vehumet
  7641 | D:7      | Offered knowledge of Sting by Vehumet.
  7641 | D:7      | Reached skill level 11 in Spellcasting
  7790 | D:7      | Found Hograwodgh's Antique Weapon Emporium.
  7836 | D:7      | HP: 2/46 [Shufflesack's ghost (20)]
  7837 | D:7      | Demolished by Shufflesack's ghost

Action                   |  1- 3 |  4- 6 |  7- 9 || total
-------------------------+-------+-------+-------++-------
Melee: Unarmed           |     3 |       |       ||     3
 Cast: Magic Dart        |    71 |    92 |   118 ||   281
       Searing Ray       |     2 |    15 |    28 ||    45
       Iskenderun's Batt |       |       |     4 ||     4
  Use: Scroll            |       |       |     1 ||     1
       Potion            |       |       |     1 ||     1
  Eat: Chunk             |     2 |     7 |     9 ||    18
       Fruit             |       |       |     4 ||     4
